 Seeded DCSS version 0.28-a0-793-g31680bbd8b (webtiles) character file.

Game seed: 20211030 (custom seed)

3 a11behringer the Skirmisher (level 1, -2/14 HPs)
             Began as a Gargoyle Fighter on Nov 4, 2021.
             Slain by a kobold (3 damage)
             ... on level 1 of the Dungeon.
             The game lasted 00:00:17 (45 turns).

a11behringer the Skirmisher (Gargoyle Fighter)        Turns: 45, Time: 00:00:17

Health: -2/14      AC:  9    Str: 19    XL:     1   Next: 50%
Magic:  1/1        EV:  9    Int:  8    God:
Gold:   0          SH:  4    Dex:  9    Spells: 0/0 levels left

rFire   . . .      SeeInvis .   a - +0 flail
rCold   . . .      Faith    .   c - +0 buckler
rNeg    + . .      Spirit   .   b - +0 scale mail
rPois   ∞          Reflect  .   (no helmet)
rElec   +          Harm     .   (no cloak)
rCorr   .          Rampage  .   (no gloves)
Will    .....                   (no boots)
Stlth   ..........              (no amulet)
HPRegen 0.04/turn               (no ring)
MPRegen 0.07/turn               (no ring)

@: no status effects
A: sickness immunity, AC +2, negative energy resistance 1, electricity
resistance, torment resistance 1, petrification resistance
a: no special abilities


You were on level 1 of the Dungeon.
You visited 1 branch of the dungeon, and saw 1 of its levels.

Inventory:

Hand Weapons
 a - a +0 flail (weapon)
Armour
 b - a +0 scale mail (worn)
 c - a +0 buckler (worn)
Scrolls
 e - a scroll of noise {unknown}
Potions
 d - a potion of might


   Skills:
 + Level 3.5 Fighting
 + Level 2.0 Maces & Flails
 + Level 3.3 Armour
 + Level 3.3 Shields


You couldn't memorise any spells.
You didn't know any spells.
Your spell library was empty.

Dungeon Overview and Level Annotations

Branches:
Dungeon (1/15)

Altars:


Innate Abilities, Weirdness & Mutations

You are immune to sickness and miasma.
Your stone body is resilient. (AC +2)
You are immune to poison.
You resist negative energy. (rN+)
You are resistant to electric shocks. (rElec)
You are resistant to unholy torment.
You are immune to petrification.


Message History

You kill the rat!
The ball python barely misses you. The ball python grabs you.
The ball python constricts you. The ball python barely misses you.
The ball python constricts you.
You escape the ball python's grasp.
Found a ring mail.
The ball python closely misses you. x2
The kobold throws a stone.
The stone hits you but does no damage. The ball python closely misses you.
The ball python grabs you. The ball python constricts you.
You see here a scroll labelled MOEBUG VOOBLAO.
You escape the ball python's grasp.
The kobold hits you but does no damage.
You barely miss the kobold. The kobold hits you but does no damage.
The ball python closely misses you. x2; The kobold barely misses you.
You sock the kobold!
You kill the kobold!
The ball python bites you. The ball python grabs you.
The ball python constricts you.
You escape the ball python's grasp.
Things that are here:
a +0 club; 5 stones You hit the ball python.
You kill the ball python!
e - a scroll labelled MOEBUG VOOBLAO A kobold comes into view.
It is wielding a +4 short sword.
The kobold shouts!
The kobold throws a stone.
The stone hits you but does no damage.
The kobold hits you with a +4 short sword!
Ouch! That really hurt!
* * * LOW HITPOINT WARNING * * *
You barely miss the kobold. The kobold barely misses you.
The kobold hits you but does no damage.
You hit the kobold but do no damage.
The kobold hits you with a +4 short sword.
* * * LOW HITPOINT WARNING * * *
You closely miss the kobold. The kobold closely misses you.
The kobold hits you but does no damage.
You hit the kobold but do no damage. The kobold closely misses you.
You closely miss the kobold.
The kobold hits you with a +4 short sword.
You die...

#...##. #.......#
#....... #.......
#....... # #......#
.#.#.
##.....#......##......
.......#.[....@K..#
#.#.#.#.#.#..#####
...........#....#
###.......#.##.#.# .
#..............###.
....#...>...#........#
#...)............##
#..#.......#######.#
#.........# .......


You could see a kobold.

Vanquished Creatures
  An endoplasm (D:1)
  A ball python (D:1)
  A kobold (D:1)
  A rat (D:1)
4 creatures vanquished.

Notes
Turn   | Place    | Note
-------+----------+-------------------------------------------
     0 | D:1      | a11behringer the Gargoyle Fighter began the quest for the
                  | Orb.
     0 | D:1      | Reached XP level 1. HP: 14/14 MP: 1/1
    45 | D:1      | Slain by a kobold

Illustrated notes

Levels and vault maps discovered:
D:1:      wander_arrival_fairy_ring, layout_basic,
          ebering_ecumenical_altar_mist, st_stairs_4

Action                   || total
-------------------------++-------
Melee: Flail             ||    11
Armor: Scale mail        ||     9
Dodge: Dodged            ||    18
Block: Buckler           ||     1

Table legend: (Time is in decaauts)
 A = Elapsed time spent in this place.
 B = Non-inter-level travel time spent in this place.
 C = Inter-level travel time spent in this place.
 D = Time resting spent in this place.
 E = Time spent auto-exploring this place.
 F = Levels seen in this place.
 G = Mean time per level.
                   A        B        C        D        E       F      G
               +--------+--------+--------+--------+--------+-----+--------+
         Total |     48 |     37 |     11 |      0 |     12 |   1 |   48.0 |
       Dungeon |     48 |     37 |     11 |      0 |     12 |   1 |   48.0 |
               +--------+--------+--------+--------+--------+-----+--------+

Top non-repeatable levels by time:
     D:1: 48 daAuts
